 Dungeon Crawl Stone Soup version 0.27-a0-75-g9f9dfd16e9 (webtiles) character file.

Game seed: 8506157648011890101

3348 kae the Insei (level 10, -2/66 HPs)
             Began as an Octopode Transmuter on Jan 12, 2021.
             Was a Follower of Wu Jian.
             Killed from afar by a centaur (7 damage)
             ... with a bolt of acid
             ... on level 8 of the Dungeon.
             The game lasted 00:09:33 (13151 turns).

kae the Insei (Octopode Transmuter)                Turns: 13151, Time: 00:09:34

Health: -2/66      AC:  1    Str: 13    XL:     10   Next: 2%
Magic:  17/17      EV: 16    Int: 15    God:    Wu Jian [*.....]
Gold:   638        SH:  0    Dex: 13    Spells: 6/19 levels left

rFire    . . .     SeeInvis .     - Unarmed
rCold    . . .     Faith    .   (no shield)
rNeg     . . .     Spirit   .   (helmet restricted)
rPois    .         Reflect  .   (no amulet)
rElec    .         Harm     .   u - ring of resist corrosion
rCorr    +         Rampage  .   (no ring)
Will     .....                  (no ring)
Stlth    ++........             (no ring)
HPRegen  0.21/turn              (no ring)
MPRegen  0.15/turn              (no ring)
                                (no ring)
                                (no ring)

@: no status effects
A: almost no armour, stealthy swim, amphibious, 8 rings, constrict 8, camouflage
1, gelatinous body 1
a: Renounce Religion


You were on level 8 of the Dungeon.
You worshipped Wu Jian.
Wu Jian was aware of your devotion.
You visited 1 branch of the dungeon, and saw 8 of its levels.
You also visited: Ossuary.

You collected 638 gold pieces.

Inventory:

Jewellery
 u - a ring of resist corrosion (left tentacle)
Wands
 e - a wand of random effects (18)
 r - a wand of acid (7)
 t - a wand of flame (13)
Scrolls
 a - 3 scrolls of remove curse
 k - a scroll of enchant weapon
 l - 3 scrolls of fear
 n - 3 scrolls of amnesia
Potions
 c - 2 potions of resistance
 d - 4 potions of curing
 f - a potion of heal wounds
 g - 2 potions of flight
 h - a potion of brilliance
 i - a potion of magic
 j - 3 potions of attraction
 m - 2 potions of might
 o - a potion of cancellation {unknown}
 q - 2 potions of degeneration {unknown}
 s - a potion of haste
 v - a potion of ambrosia {unknown}


   Skills:
 + Level 5.0 Fighting
 + Level 5.3 Dodging
 * Level 7.9 Unarmed Combat
 + Level 5.0 Spellcasting
 + Level 5.4 Transmutations
 - Level 5.0 Ice Magic
 - Level 3.0 Poison Magic


You had 6 spell levels left.
You knew the following spells:

 Your Spells              Type           Power        Failure   Level
a - Beastly Appendage     Tmut           40%          1%          1
b - Spider Form           Tmut/Pois      8%           9%          3
c - Ice Form              Ice/Tmut       19%          19%         4
d - Blade Hands           Tmut           10%          43%         5

Your spell library contained the following spells:

 Spells                   Type           Power        Failure   Level
 Wereblood                Tmut           20%          2%          2


Dungeon Overview and Level Annotations

Branches:
Dungeon (8/15)             Temple (0/1) D:4            Lair (0/6) D:8
Ossuary (visited)

Altars:
Cheibriados
Dithmenos
Vehumet
Wu Jian
Xom
The Shining One

Shops:
D:4 (

Annotations:
D:5 3 runed translucent doors, Borgoz's ghost, novice KoGl
D:7 exclusions: 2 doors and 1 more exclusion
D:8 Pikel


Innate Abilities, Weirdness & Mutations

You cannot wear most types of armour.
You are very stealthy in the water. (Stealth+)
You are amphibious.
You can wear up to eight rings at the same time.
You can use your tentacles to constrict eight enemies at once.
Your skin changes colour to match your surroundings (Stealth+).
Your rubbery body absorbs attacks. (AC +1, EV +1)


Message History

A water moccasin comes into view.
A lemure comes into view.
The centaur wields a +0 shortbow.
The centaur shoots an arrow.
The arrow hits you.
* * * LOW HITPOINT WARNING * * *
The centaur shoots an arrow.
The arrow hits you!
* * * LOW HITPOINT WARNING * * *
A shadow imp comes into view.
The wyvern hisses angrily.
You hear a shout!
You hear a bellow!
You see here an arrow.
Your surroundings seem slightly different.
The yak bellows!
A yak comes into view.
The yak bellows!
A lemure comes into view.
The lemure shouts!
Pikel the Slaver comes into view.
He is wielding a +1 whip of electrocution.
Pikel shouts!
You hear an angry hiss.
A water moccasin comes into view.
The centaur zaps a wand.
The bolt of acid hits you! You resist.
You die...

*,* *.# **,** # *,* ### ##.*
#.*#### * *,* #.###.#* #.##... *
*,* #.##.§# ##...... * **,**
####....(#####....... *
**,,,***###......n.............
*,,,,,,##......................
*,***,,.............!..........
*,****,.......@................
**,,,,,,.......c...........#...)
**,,,,,,,....55Sl.......###.[##..
*,,,,,,,,..S5...........# ##..##.
,,,,,,,,,....Y.......##.#* *#....
,,,,*,,,,.K5........##*#.** ##...
,,,,,,,,,..♣..YY...## **.##*#...
,,,,,,,,,....5....##* *#..##...
,,,,,,>,,,,,,,,,,,,,*** ##......


You could see Pikel, 3 yaks, 2 water moccasins, a wyvern, 4 lemures, a
necrophage, a centaur and a shadow imp (wandering).

Vanquished Creatures
  A water moccasin (D:8)
  A sky beast (D:7)
  2 phantoms
  A necrophage (D:7)
  3 orc warriors
  A black bear (D:8)
  2 ice beasts (D:7)
  2 ogres (D:7)
  A centaur (D:5)
  Blork the orc (D:6)
  3 bullfrogs
  2 scorpions
  A water moccasin skeleton (D:8)
  13 wights
  5 electric eels (D:7)
  A bullfrog zombie (D:5)
  2 centaur zombies
  3 hounds
  A jelly (D:6)
  4 orc priests
  A centaur skeleton (D:7)
  An iguana (D:5)
  6 orc wizards
  A worker ant (D:7)
  A killer bee zombie (D:7)
  8 mummies (Ossuary)
  14 adders
  A shadow imp (D:8)
  A white imp (D:7)
  2 oozes
  2 adder skeletons
  A worm (D:3)
  5 dart slugs
  4 leopard geckos
  27 orcs
  5 bats
  6 giant cockroaches
  A gnoll zombie (Ossuary)
  5 goblins
  10 hobgoblins
  8 jackals
  11 kobolds
  3 quokkas
  7 frilled lizards
  3 hobgoblin zombies (Ossuary)
  2 kobold zombies (Ossuary)
  A leopard gecko skeleton (D:7)
  2 orc zombies (Ossuary)
  A quokka skeleton (D:6)
  8 rats
198 creatures vanquished.

Vanquished Creatures (others)
  An orc (D:6)
  A bush (D:8)
  5 fungi (D:8)
  19 plants (D:8)
26 creatures vanquished.

Grand Total: 224 creatures vanquished

Notes
Turn   | Place    | Note
-------+----------+-------------------------------------------
     0 | D:1      | kae the Octopode Transmuter began the quest for the Orb.
     0 | D:1      | Reached XP level 1. HP: 13/13 MP: 3/3
   265 | D:1      | Reached XP level 2. HP: 18/18 MP: 3/5
   642 | D:1      | Reached XP level 3. HP: 23/23 MP: 4/6
   992 | D:1      | Found a radiant altar of Vehumet.
   994 | D:1      | Found a shimmering altar of Xom.
   994 | D:1      | Found a glowing golden altar of the Shining One.
   996 | D:1      | Found a radiant altar of Vehumet.
   996 | D:1      | Found a snail-covered altar of Cheibriados.
   996 | D:1      | Found a shadowy altar of Dithmenos.
  1550 | D:2      | Reached XP level 4. HP: 28/28 MP: 5/7
  2318 | D:3      | Learned a level 3 spell: Spider Form
  2867 | D:3      | Reached XP level 5. HP: 34/34 MP: 6/8
  3127 | D:3      | Reached skill level 4 in Unarmed Combat
  3567 | D:3      | Reached skill level 1 in Poison Magic
  3841 | D:3      | HP: 2/51 [orc/+0 short sword (4)]
  4373 | D:4      | Reached XP level 6. HP: 35/39 MP: 10/10
  4849 | D:4      | Found a staircase to the Ecumenical Temple.
  5871 | D:4      | Found Alingyc's Weapon Emporium.
  6053 | D:5      | Entered Level 5 of the Dungeon
  6182 | D:5      | Found a sand-covered staircase.
  6209 | Ossuary  | Entered an ossuary
  6261 | Ossuary  | Reached XP level 7. HP: 33/45 MP: 11/11
  6609 | Ossuary  | Reached skill level 5 in Unarmed Combat
  7105 | D:5      | Noticed Borgoz's ghost (novice KoGl)
  7131 | D:5      | Found a runed translucent gate.
  7131 | D:5      | Found a runed translucent gate.
  7131 | D:5      | Found a runed translucent gate.
  8766 | D:6      | Noticed Blork the orc
  8792 | D:6      | Killed Blork the orc
  8793 | D:6      | Reached XP level 8. HP: 46/52 MP: 10/13
  8996 | D:6      | Learned a level 4 spell: Ice Form
  9002 | D:6      | Learned a level 5 spell: Blade Hands
  9245 | D:6      | Reached skill level 6 in Unarmed Combat
  9245 | D:6      | Reached skill level 1 in Ice Magic
  9538 | D:7      | Found an ornate altar of the Wu Jian Council.
  9552 | D:7      | Became a worshipper of the Wu Jian Council
 10219 | D:6      | HP: 2/52 [orc priest/divine providence (10)]
 10678 | D:7      | Reached XP level 9. HP: 58/58 MP: 7/15
 10853 | D:7      | Found a glowing golden altar of the Shining One.
 11051 | D:7      | Reached skill level 7 in Unarmed Combat
 11367 | D:7      | Reached skill level 5 in Transmutations
 11802 | D:7      | Reached * piety under Wu Jian
 12015 | D:7      | Reached skill level 5 in Dodging
 13037 | D:8      | Reached skill level 5 in Fighting
 13060 | D:8      | Reached skill level 5 in Ice Magic
 13088 | D:8      | Reached skill level 5 in Spellcasting
 13088 | D:8      | Reached XP level 10. HP: 66/66 MP: 17/17
 13111 | D:8      | Noticed a two-headed ogre
 13151 | D:8      | Noticed Pikel
 13151 | D:8      | Killed from afar by a centaur

Illustrated notes

Levels and vault maps discovered:
D:1:      lightli_arrival_chessboard, layout_loops_ring, grunt_decor_arrowhead,
          doesnt_xom_only_xom
D:2:      layout_loops_ring
D:3:      layout_loops_corners
D:4:      layout_loops_cross, minmay_temple_entry_purple_smoke, serial_shops,
          shop
D:5:      layout_loops_corners, lightli_ossuary_entry_decrepit_ruins,
          gammafunk_ghost_icy
D:6:      layout_basic, uniq_blork_the_orc
D:7:      kennysheep_big_flooded_room, layout_cave_pools, lemuel_crystal_altar,
          nicolae_tso_carved_into_rock
D:8:      layout_layer_cave, minmay_lair_entry_grove, enter_bailey_4, uniq_pikel

Skill      XL: |  1  2  3  4  5  6  7  8  9 |
---------------+----------------------------+-----
Unarmed Combat | 4 5 6 7 |  7.9
Fighting       | 2 3 4 5 |  5.0
Poison Magic   | 2 3 |  3.0
Transmutations | 3 4 5 |  5.4
Dodging        | 3 4 5 |  5.3
Spellcasting   | 3 4 5 |  5.0
Ice Magic      | 3 5 |  5.0

Action                   |  1- 3 |  4- 6 |  7- 9 | 10-12 || total
-------------------------+-------+-------+-------+-------++-------
Melee: Unarmed           |    73 |   162 |   290 |    15 ||   540
       Kick              |    17 |    18 |    16 |       ||    51
       Constrict         |    18 |    33 |    29 |     3 ||    83
       Tentacles         |     5 |    18 |    15 |     2 ||    40
       Punch             |     1 |     1 |     3 |     2 ||     7
 Cast: Beastly Appendage |    23 |    28 |    12 |       ||    63
       Spider Form       |       |     4 |     7 |       ||    11
       Ice Form          |       |       |    22 |       ||    22
Invok: Lunge             |       |       |    13 |     2 ||    15
       Whirlwind         |       |       |     2 |     2 ||     4
Evoke: Wand              |       |       |    12 |       ||    12
  Use: Scroll            |     3 |    10 |     5 |     2 ||    20
       Potion            |       |     6 |     3 |       ||     9
 Stab: Sleeping          |     4 |     5 |     2 |       ||    11
Armor: Skin              |     6 |     5 |    39 |     2 ||    52
Dodge: Dodged            |    45 |   113 |   182 |    23 ||   363

Table legend: (Time is in decaauts)
 A = Elapsed time spent in this place.
 B = Non-inter-level travel time spent in this place.
 C = Inter-level travel time spent in this place.
 D = Time resting spent in this place.
 E = Time spent auto-exploring this place.
 F = Levels seen in this place.
 G = Mean time per level.
                   A        B        C        D        E       F      G
               +--------+--------+--------+--------+--------+-----+--------+
         Total |  13107 |  12786 |    321 |   3769 |   7345 |   9 | 1456.3 |
       Dungeon |  12293 |  11972 |    321 |   3306 |   7167 |   8 | 1536.6 |
       Ossuary |    814 |    814 |      0 |    463 |    178 |   1 |  814.0 |
               +--------+--------+--------+--------+--------+-----+--------+

Top non-repeatable levels by time:
     D:3: 2766 daAuts
     D:7: 2503 daAuts
     D:6: 1951 daAuts
     D:5: 1517 daAuts
     D:2: 1150 daAuts
     D:1: 1150 daAuts
     D:4: 967 daAuts
 Ossuary: 814 daAuts
     D:8: 286 daAuts
